 Dungeon Crawl Stone Soup version 0.21-a0-171-g0f4a3b6 (webtiles) character file.

58 Lunath the Chopper (level 4, -1/41 HPs)
             Began as a Hill Orc Berserker on Aug 7, 2017.
             Was a Believer of Trog.
             Slain by Terence
             ... wielding a +0 quarterstaff
              (6 damage)
             ... on level 2 of the Dungeon.
             The game lasted 00:02:57 (849 turns).

Lunath the Chopper (Hill Orc Berserker)              Turns: 849, Time: 00:02:58

Health: -1/41      AC:  6    Str: 19    XL:     4   Next: 2%
Magic:  4/4        EV: 11    Int:  7    God:    Trog [**....]
Gold:   49         SH:  0    Dex: 11    Spells: 3/3 levels left

rFire    . . .     SeeInvis .   a - +0 hand axe
rCold    . . .     Gourm    .   (no shield)
rNeg     . . .     Faith    .   s - +0 ring mail
rPois    .         Spirit   .   (no helmet)
rElec    .         Reflect  .   g - +0 cloak (curse)
rCorr    .         Harm     .   (no gloves)
MR       .....                  (no boots)
Stlth    +.........             (no amulet)
HPRegen  0.13/turn              (no ring)
MPRegen  0.09/turn              (no ring)

@: berserk cooldown, hasted and slowed
A: no striking features
a: Berserk, Trog's Hand, Burn Spellbooks, Renounce Religion


You were on level 2 of the Dungeon.
You worshipped Trog.
Trog was pleased with you.
You were very hungry.

You visited 1 branch of the dungeon, and saw 2 of its levels.

You collected 49 gold pieces.

Inventory:

Hand Weapons
 a - a +0 hand axe (weapon)
Armour
 g - a cursed +0 cloak (worn)
 s - a +0 ring mail (worn)
Wands
 r - a wand of acid (8/15)
Scrolls
 e - a scroll of remove curse {unknown}
 i - a scroll of enchant armour {unknown}
 j - 3 scrolls of identify {unknown}
 k - 5 scrolls of fog {unknown}
 q - a scroll of recharging {unknown}
Potions
 f - a potion of degeneration {unknown}
 h - a potion of haste
 l - a potion of curing {unknown}
 n - a potion of berserk rage {unknown}
Comestibles
 c - 2 bread rations
 d - 8 chunks of flesh
 o - a meat ration
 p - 3 fruits


   Skills:
 + Level 4.4 Fighting
 * Level 5.6 Axes
 - Level 2.1 Armour
 - Level 1.5 Dodging


You had 3 spell levels left.
You didn't know any spells.

Dungeon Overview and Level Annotations

Branches:
Dungeon (2/15)

Altars:
Elyvilon

Annotations:
D:2 Terence


Message History

Terence says, "Don't bother to defend, it's pointless."
Terence barely misses you.
You hit Terence.
Terence is almost dead.
Terence hits you with a quarterstaff.
* * * LOW HITPOINT WARNING * * *
You closely miss Terence.
Terence is almost dead.
Terence barely misses you.
Some of the chunks of flesh in your inventory have rotted away.
Your ring mail prevents you from hitting Terence.
Terence is almost dead.
Terence hits you with a quarterstaff.
* * * LOW HITPOINT WARNING * * *
You hit Terence but do no damage.
Terence is almost dead.
You barely miss Terence.
Terence is almost dead.
Terence hits you with a quarterstaff.
You die...

################## #
####.<.......@@.)....
.
..##.################
# #.##.# #.##.#
####.##.######
...............
).....#.#).####
...........#
..[...#.#.##


You could see Terence.

Vanquished Creatures
  2 oozes
  2 dart slugs (D:1)
  A leopard gecko (D:1)
  2 ball pythons (D:1)
  A giant cockroach (D:1)
  9 goblins
  5 hobgoblins
  10 jackals
  A quokka (D:2)
  2 bats
  A frilled lizard (D:2)
  5 rats
41 creatures vanquished.

Vanquished Creatures (others)
  A goblin (D:2)
1 creature vanquished.

Grand Total: 42 creatures vanquished

Notes
Turn   | Place    | Note
-------+----------+-------------------------------------------
     0 | D:1      | Lunath the Hill Orc Berserker began the quest for the Orb.
     0 | D:1      | Reached XP level 1. HP: 19/19 MP: 1/1
    28 | D:1      | Reached XP level 2. HP: 23/27 MP: 2/2
   149 | D:1      | Reached skill level 5 in Axes
   149 | D:1      | Reached XP level 3. HP: 14/33 MP: 3/3
   340 | D:1      | Reached ** piety under Trog
   676 | D:2      | Found a white marble altar of Elyvilon.
   706 | D:2      | Reached XP level 4. HP: 32/41 MP: 4/4
   811 | D:2      | Noticed Terence
   849 | D:2      | Slain by Terence

Vault maps used:
D:1:      dpeg_arrival_long_road
D:2:      lightli_temple_of_fire, elyvilon_altar_4, amethyst_killhole,
          kennysheep_donut, serial_bayou_lagoon_b, uniq_terence

Skill      XL: |  1  2 |
---------------+-------+-----
Fighting       | 4 |  4.4
Axes           | 5 |  5.6
Armour         | |  2.1
Dodging        | |  1.5

Action                   |  1- 3 |  4- 6 || total
-------------------------+-------+-------++-------
Melee: Hand axe          |   118 |    35 ||   153
Invok: Berserk           |       |     1 ||     1
       Trog's Hand       |       |     1 ||     1
  Use: Potion            |       |     1 ||     1
Armor: Animal skin       |    15 |       ||    15
       Leather armour    |    14 |       ||    14
       Ring mail         |       |     9 ||     9
Dodge: Dodged            |    71 |    15 ||    86
